AoeStats
← Marcus Aurelius

Hideout

510183924Analyzed
1v1 RM · 3d ago on Sep 29, 2026· 31m 14s· 2 players
Game mode
Random Map
Map size
Tiny (2 player)
Population
200
Speed
Normal
Resources
Standard
Victory
Conquest
Starting age
Dark Age
Ending age
Imperial Age
RankedLock teamsTeams togetherTeam positionsShared explorationLock speedFull tech treeHidden civsTurbo modeCheats
Victory
Defeat
🇭🇰 Spanish · Hong Kong SAR China
1451
+15
🇺🇸 Romans · United States
1429
-15
Marcus Aurelius
11:14 Feudal Age
15:12 Castle Age
13:36 Loom
13:42 Double-Bit Axe
14:09 Padded Archer Armor
15:42 Horse Collar
15:37 Elite Skirmisher
22:34 Man-at-Arms
phlui1122
10:39 Feudal Age
14:33 Castle Age
13:03 Double-Bit Axe
13:15 Horse Collar
15:53 Loom
20:08 Padded Archer Armor
22:22 Bow Saw
23:14 Town Watch
24:35 Bloodlines
26:51 Leather Archer Armor
28:12 Husbandry
30:44 Wheelbarrow
Connection lost

Rejoining the realm…

Still unreachable

The connection could not be restored.

Session expired

The server has moved on; the page needs a fresh start.